 Dungeon Sprint DCSS version 0.21.1-1-g345015f (webtiles) character file.

68 Psiloshibe the Carver (level 8, -3/73 HPs)
             Began as a Barachi Berserker on June 24, 2018.
             Was an Elder of Trog.
             Slain by an eight-headed hydra (11 damage)
             ... in the Dungeon (Sprint VI: "Thunderdome").
             The game lasted 00:04:49 (410 turns).

Psiloshibe the Carver (Barachi Berserker)            Turns: 410, Time: 00:04:51

Health: -3/73      AC:  7    Str: 31    XL:     8   Next: 1%
Magic:  0/20       EV: 13    Int:  7    God:    Trog [****..]
Gold:   165        SH:  0    Dex: 11    Spells: 7/7 levels left

rFire    . . .     SeeInvis +   a - +0 falchion
rCold    + . .     Gourm    .   (no shield)
rNeg     + . .     Faith    .   r - +0 scale mail
rPois    .         Spirit   +   (no helmet)
rElec    .         Reflect  .   (no cloak)
rCorr    .         Harm     .   (no gloves)
MR       .....     NoTele   +   (no boots)
Stlth    ..........             n - amulet "Wipeu" {Spirit rN+ Str+2}
HPRegen  0.22/turn              o - ring of Uscha {Ice Str+4 SInv}
MPRegen  0.17/turn              p - ring of Roikhlae {rF+ MP+9 Str+3}

@: can't hop, slow
A: +LOS, swims, slowness 1, strong legs 1
a: Hop, Berserk, Trog's Hand, Brothers in Arms, Burn Spellbooks, Renounce
Religion


You were in the Dungeon.
You worshipped Trog.
Trog was greatly pleased with you.
You were not hungry.

You visited 1 branch You collected 300 gold pieces.
You spent 135 gold pieces at shops.

Inventory:

Hand Weapons
 a - a +0 falchion (weapon)
Armour
 b - a +2 robe of fire resistance
 r - a +0 scale mail (worn)
Jewellery
 n - the amulet "Wipeu" (around neck) {Spirit rN+ Str+2}
   (You bought it in a shop in the Dungeon)

   [amulet of guardian spirit]

   It causes incoming damage to be split between your health and magic.
   It affects your strength (+2).
   It protects you from negative energy.
 o - the ring of Uscha (left hand) {Ice Str+4 SInv}
   (You bought it in a shop in the Dungeon)

   [ring of ice]

   It enhances your ice magic.
   It affects your strength (+4).
   It makes you vulnerable to fire.
   It protects you from cold.
   It lets you see invisible.
 p - the ring of Roikhlae (right hand) {rF+ MP+9 Str+3}
   (You bought it in a shop in the Dungeon)

   [ring of magical power]

   It affects your strength (+3).
   It protects you from fire.
   It affects your magic capacity (+9).
Wands
 j - a wand of acid (3)
 k - a wand of iceblast (5)
Scrolls
 i - 4 scrolls of blinking
 l - 3 scrolls of fog
Potions
 d - a potion of curing
 e - 3 potions of heal wounds
 f - 4 potions of haste
 g - 2 potions of magic
 h - a potion of berserk rage
 m - a potion of resistance
Comestibles
 c - a ration
 q - 6 chunks of flesh


   Skills:
 + Level 10.3 Fighting
 + Level 11.6 Long Blades
 * Level 7.2 Throwing
 + Level 6.2 Armour
 + Level 6.4 Dodging
 + Level 1.3 Stealth
 + Level 4.8 Evocations


You had 7 spell levels left.
You didn't know any spells.

Dungeon Overview and Level Annotations

Branches:
Dungeon (1/1)

Altars:
Cheibriados
Dithmenos
Fedhas
Gozag
Kikubaaqudgha
Makhleb
Okawaru
Qazlal
Ru
Sif Muna
Trog
Uskayaw
Vehumet
Wu Jian
Xom
Yredelemnul
Zin
The Shining One
Beogh
Jiyva
Lugonu

Shops:
D *[%??*?*:[((!!!!


Innate Abilities, Weirdness & Mutations

Shadows flee at your approach. (+LOS)
You can swim through water.
You cover ground slowly.
You can hop short distances.


Message History

The seven-headed hydra is splashed with acid.
The acid corrodes the seven-headed hydra!
The seven-headed hydra is almost dead.
You hack one of the seven-headed hydra's heads off!
The six-headed hydra grows two more!
You hit the eight-headed hydra.
The eight-headed hydra is severely wounded.
The eight-headed hydra barely misses you.
The eight-headed hydra bites you but does no damage.
The eight-headed hydra bites you!
The eight-headed hydra closely misses you. x2
The eight-headed hydra bites you. The eight-headed hydra bites you!
The eight-headed hydra bites you but does no damage.
You fail to use your ability.
The eight-headed hydra bites you! x2
* * * LOW HITPOINT WARNING * * *
The eight-headed hydra bites you.
* * * LOW HITPOINT WARNING * * *
The eight-headed hydra bites you!
* * * LOW HITPOINT WARNING * * *
The eight-headed hydra bites you!
You die...

#_......._# #_......._#
#_..)...%_# ###.........###
#⌠...........⌠#
######.8.......†.8.######
##∩__.......###......___∩##
#∩........8.# #D8........∩###
.....)......###.@...........##
.........###...###..........⌠#
.........# #.<.# #..........⌠#
.........###...###..........⌠#
............###.............##
#∩........8.# #.8........∩###
##∩__.......###......___∩##
######.8.........8.######
#⌠...........⌠#


You could see an eight-headed hydra.

Vanquished Creatures
  2 tyrant leeches (D)
  Sigmund (D)
  An insubstantial wisp (D)
  A swamp drake (D)
  A bullfrog (D)
  Jessica (D)
  Terence (D)
  2 adders (D)
  An ooze (D)
  3 ball pythons (D)
  2 rats (D)
16 creatures vanquished.

Vanquished Creatures (collateral kills)
  A spiny frog (D)
1 creature vanquished.

Grand Total: 17 creatures vanquished

Notes
Turn   | Place    | Note
-------+----------+-------------------------------------------
     0 | D        | Psiloshibe the Barachi Berserker began the quest for the Orb.
     0 | D        | Reached XP level 1. HP: 18/18 MP: 1/1
     1 | D        | Found a shadowy altar of Dithmenos.
     1 | D        | Found a radiant altar of Vehumet.
     2 | D        | Found a blossoming altar of Fedhas.
     2 | D        | Found a hide-covered altar of Uskayaw.
     3 | D        | Found a viscous altar of Jiyva.
     3 | D        | Found a deep blue altar of Sif Muna.
     4 | D        | Found Dipew's Delicious Food.
     4 | D        | Found a snail-covered altar of Cheibriados.
     4 | D        | Found Bolucepy's Identification Station.
     4 | D        | Found an ancient bone altar of Kikubaaqudgha.
     5 | D        | Found Talufecei's Jewellery.
     5 | D        | Found Isupn's Advanced Armour.
     5 | D        | Found a stormy altar of Qazlal.
     5 | D        | Found an iron altar of Okawaru.
     5 | D        | Found a glowing golden altar of the Shining One.
     5 | D        | Round 1.
    14 | D        | Bought a smoking iron amulet for 45 gold pieces
    14 | D        | Bought a fine glass ring for 45 gold pieces
    14 | D        | Bought a smoking turquoise ring for 45 gold pieces
    14 | D        | Identified the amulet "Wipeu" {Spirit rN+ Str+2} (You bought it in a shop in the Dungeon)
    22 | D        | Found a corrupted altar of Lugonu.
    26 | D        | Found Xeakhenom's Premium Goods.
    27 | D        | Found a basalt altar of Yredelemnul.
    27 | D        | Found a shimmering altar of Xom.
    27 | D        | Found an opulent altar of Gozag.
    27 | D        | Found Kubahuil's Weapon Rack.
    28 | D        | Found Xeitinut's Miscellaneous Merchandise.
    28 | D        | Found Sonun's Basic Armour.
    33 | D        | Found a glowing silver altar of Zin.
    34 | D        | Found a burning altar of Makhleb.
    35 | D        | Found a bloodstained altar of Trog.
    36 | D        | Found Seratt's Do-It-Yourself Clinic.
    37 | D        | Found Eqaa's Bottled Wisdom.
    37 | D        | Found Kirchou's Distillery.
    38 | D        | Found an ornate altar of the Wu Jian Council.
    38 | D        | Found a roughly hewn altar of Beogh.
    38 | D        | Found a sacrificial altar of Ru.
    38 | D        | Found Kytyrunn's Distillery.
    49 | D        | Found Waisogit's Staff Store.
    49 | D        | Found Kadupput's Must-Have Magic.
    49 | D        | Found Zucwuobe's Magic Scroll Shop.
    50 | D        | Found Silom's Magic Scroll Shop.
    54 | D        | Noticed Terence
    58 | D        | Reached skill level 4 in Long Blades
    58 | D        | Reached skill level 1 in Throwing
    58 | D        | Reached skill level 1 in Evocations
    73 | D        | Killed Terence
    73 | D        | Reached ** piety under Trog
    73 | D        | Reached skill level 5 in Fighting
    73 | D        | Reached skill level 5 in Long Blades
    73 | D        | Reached XP level 2. HP: 9/27 MP: 1/3
    73 | D        | Reached XP level 3. HP: 11/33 MP: 1/4
    82 | D        | Noticed Jessica
    89 | D        | Killed Jessica
   110 | D        | Noticed Sigmund
   122 | D        | Killed Sigmund
   122 | D        | Reached skill level 8 in Long Blades
   122 | D        | Reached XP level 4. HP: 44/44 MP: 2/7
   122 | D        | Reached XP level 5. HP: 49/49 MP: 2/8
   123 | D        | Reached *** piety under Trog
   123 | D        | Arena points: 14 (+14) [x2]
   160 | D        | Identified the ring of Uscha {Ice Str+4 SInv} (You bought it in a shop in the Dungeon)
   161 | D        | Identified the ring of Roikhlae {rF+ MP+9 Str+3} (You bought it in a shop in the Dungeon)
   170 | D        | Round 2.
   183 | D        | Reached XP level 6. HP: 54/56 MP: 9/9
   218 | D        | Reached **** piety under Trog
   256 | D        | Arena points: 26 (+12) [x1]
   268 | D        | Round 3.
   272 | D        | Noticed a swamp drake
   298 | D        | Killed a swamp drake
   298 | D        | Reached skill level 9 in Long Blades
   298 | D        | Reached skill level 5 in Throwing
   315 | D        | Noticed a tyrant leech
   322 | D        | Reached skill level 5 in Dodging
   330 | D        | Killed a tyrant leech
   330 | D        | Reached skill level 10 in Long Blades
   330 | D        | Reached skill level 5 in Armour
   330 | D        | Reached XP level 7. HP: 30/64 MP: 9/10
   334 | D        | Noticed a spiny frog
   341 | D        | Killed a spiny frog
   341 | D        | Reached skill level 11 in Long Blades
   341 | D        | Reached skill level 1 in Stealth
   344 | D        | Noticed a tyrant leech
   351 | D        | Noticed an insubstantial wisp
   351 | D        | Killed a tyrant leech
   351 | D        | Reached skill level 10 in Fighting
   361 | D        | Killed an insubstantial wisp
   361 | D        | Reached ***** piety under Trog
   361 | D        | Arena points: 68 (+42) [x2]
   361 | D        | Reached XP level 8. HP: 29/73 MP: 8/11
   396 | D        | Round 4.
   400 | D        | Noticed a seven-headed hydra
   410 | D        | Slain by an eight-headed hydra

Skill      XL: |  1  2  3  4  5  6  7 |
---------------+----------------------+-----
Fighting       | 5 7 8 9 10 | 10.3
Long Blades    | 5 8 10 11 | 11.6
Throwing       | 2 4 6 7 |  7.2
Evocations     | 2 4 |  4.8
Armour         | 3 5 6 |  6.2
Dodging        | 4 5 6 |  6.4
Stealth        | 1 |  1.3

Action                   |  1- 3 |  4- 6 |  7- 9 || total
-------------------------+-------+-------+-------++-------
Melee: Falchion          |    28 |    38 |     6 ||    72
Invok: Trog's Hand       |     1 |       |     1 ||     2
       Berserk           |     1 |       |       ||     1
       Brothers in Arms  |       |     1 |     1 ||     2
 Abil: Hop               |       |       |     1 ||     1
Evoke: Wand              |       |       |     2 ||     2
  Use: Potion            |     1 |       |       ||     1
 Stab: Distracted        |       |     1 |       ||     1
  Eat: Chunk             |       |       |     1 ||     1
Armor: Animal skin       |     4 |       |       ||     4
       Scale mail        |     2 |     7 |     4 ||    13
Dodge: Dodged            |    14 |    37 |     8 ||    59
       Rpst.: Falchion   |     5 |     6 |     3 ||    14
